 Dungeon Crawl Stone Soup version 0.29-a0-468-ge57f7f99b4 (webtiles) character file.

Game seed: 11711178397650663669

6601 zazu2006 the Covert (level 11, -4/87 HPs)
             Began as a Gnoll Delver on May 21, 2022.
             Was a Follower of Vehumet.
             Slain by a wraith (9 damage)
             ... on level 10 of the Dungeon.
             The game lasted 00:33:53 (12785 turns).

zazu2006 the Covert (Gnoll Delver)                 Turns: 12785, Time: 00:33:53

Health: -4/87      AC: 10    Str: 11    XL:     11   Next: 2%
Magic:  19/19      EV: 15    Int: 20    God:    Vehumet [*.....]
Gold:   421        SH:  0    Dex: 14    Spells: 17/21 levels left

rFire   . . .      SeeInvis .   D - +0 long sword (elec)
rCold   . . .      Faith    .   (no shield)
rNeg    . . .      Spirit   .   a - +0 steam dragon scales
rPois   .          Reflect  .   (no helmet)
rElec   .          Harm     .   (no cloak)
rCorr   .          Rampage  .   v - +0 pair of gloves
Will    .....                   w - +2 pair of boots
Stlth   +++++.....              n - amulet of the acrobat
HPRegen 0.24/turn               t - +6 ring of intelligence
MPRegen 0.16/turn               (no ring)

@: marked, flying, slowed, very slow
A: fangs 1, strong nose, distributed training
a: Renounce Religion


You were on level 10 of the Dungeon.
You worshipped Vehumet.
Vehumet was aware of your devotion.
You visited 2 branches of the dungeon, and saw 11 of its levels.

You collected 443 gold pieces.
You spent 22 gold pieces at shops.

Inventory:

Hand Weapons
 D - a +0 long sword of electrocution (weapon)
 M - the +6 hunting sling "Japrotte" {vorpal, rF++ rC- rN+}
   (You found it on level 9 of the Dungeon)

   Any ammunition fired from it inflicts extra damage upon your enemies.
   rF:        It greatly protects you from fire.
   rC:        It makes you vulnerable to cold.
   rN:        It protects you from negative energy.
Missiles
 m - 21 poisoned darts (quivered)
 J - a throwing net
Armour
 a - +0 steam dragon scales (worn)
 i - a +2 robe of willpower
 v - a +0 pair of gloves (worn)
 w - a +2 pair of boots (worn)
Jewellery
 n - an amulet of the acrobat (around neck)
 t - a +6 ring of intelligence (left hand)
 z - an amulet of magic regeneration
Wands
 g - a wand of digging (3)
 o - a wand of polymorph (8)
 L - a wand of acid (2)
 N - a wand of paralysis (1)
Scrolls
 c - 3 scrolls of fog
 d - 2 scrolls of magic mapping
 e - a scroll of fear
 h - a scroll of silence
 l - 5 scrolls of amnesia
 q - 7 scrolls of teleportation {unknown}
 r - a scroll of blinking {unknown}
 u - 2 scrolls of brand weapon {unknown}
 x - 2 scrolls of torment {unknown}
 y - 3 scrolls of immolation {unknown}
 A - a scroll of poison {unknown}
 B - 2 scrolls of noise
 C - 2 scrolls of enchant armour
 G - 2 scrolls of identify
 I - a scroll of summoning {unknown}
Potions
 b - a potion of ambrosia {unknown}
 f - 2 potions of haste
 j - a potion of attraction
 k - a potion of brilliance {unknown}
 p - 2 potions of lignification {unknown}
 s - 3 potions of flight
 E - 2 potions of curing
 F - 2 potions of might {unknown}
 H - a potion of resistance {unknown}
 K - a potion of mutation {unknown}


   Skills:
 + Level 8.9 Fighting
 + Level 5.8 Short Blades
 + Level 7.5 Long Blades
 + Level 5.8 Axes
 + Level 5.8 Maces & Flails
 + Level 5.8 Polearms
 + Level 5.8 Staves
 + Level 5.8 Slings
 + Level 5.8 Bows
 + Level 5.8 Crossbows
 + Level 5.8 Throwing
 + Level 5.8 Armour
 + Level 7.5 Dodging
 + Level 11.2 Stealth
 + Level 5.8 Shields
 + Level 5.8 Unarmed Combat
 + Level 5.8 Spellcasting
 + Level 4.8 Conjurations
 + Level 4.8 Hexes
 + Level 4.8 Summonings
 + Level 4.8 Necromancy
 + Level 4.8 Translocations
 + Level 4.8 Transmutations
 + Level 4.8 Fire Magic
 + Level 4.8 Ice Magic
 + Level 4.8 Air Magic
 + Level 4.8 Earth Magic
 + Level 4.8 Poison Magic
 + Level 6.4 Invocations
 + Level 5.8 Evocations


You had 17 spell levels left.
You knew the following spells:

 Your Spells              Type           Power      Damage    Failure   Level
a - Magic Dart            Conj           100%       1d8       1%          1
b - Mephitic Cloud        Conj/Pois/Air  25%        N/A       4%          3

Your spell library contained the following spells:

 Spells                   Type           Power      Damage    Failure   Level
 Shock                    Conj/Air       100%       1d9       1%          1
 Beastly Appendage        Tmut           50%        N/A       1%          1
 Necrotize                Necr           100%       1d9       1%          1
 Call Imp                 Summ           25%        N/A       2%          2
 Ensorcelled Hibernation  Hex/Ice        50%        N/A       2%          2
 Sublimation of Blood     Necr           25%        N/A       2%          2
 Wereblood                Tmut           25%        N/A       2%          2
 Ozocubu's Armour         Ice            25%        N/A       4%          3
 Spider Form              Tmut/Pois      25%        N/A       4%          3
 Vampiric Draining        Necr           25%        2d7       4%          3
 Airstrike                Air            12%        N/A       14%         4
 Anguish                  Hex/Necr       12%        N/A       14%         4
 Petrify                  Tmut/Erth      25%        N/A       14%         4
 Summon Lightning Spire   Summ/Air       25%        N/A       14%         4
 Agony                    Necr           25%        N/A       38%         5
 Irradiate                Conj/Tmut      12%        3d17      38%         5
 Lightning Bolt           Conj/Air       12%        1d26      38%         5
 Ozocubu's Refrigeration  Ice            12%        4d7       100%        7


Dungeon Overview and Level Annotations

Branches:
Dungeon (10/15)            Temple (1/1) D:6             Orc (0/2) D:10
   Lair: D:8-11

Altars:
Cheibriados
Dithmenos
Fedhas
Gozag
Makhleb
Nemelex Xobeh
Okawaru
Trog
Vehumet
Wu Jian
Xom
Zin
The Shining One

Shops:
D:5 ?   D:7 *:   D:8 *   D:9 (

Annotations:
D:5 exclusion: oklob plant


Innate Abilities, Weirdness & Mutations

You have very sharp teeth.
Your uncanny sense of smell can sniff out nearby items.
Your experience applies equally to all skills.


Message History

You have reached level 11!
You closely miss the vampire mosquito.
The vampire mosquito bites you but does no damage.
The vampire mosquito bites you!
The vampire mosquito draws strength from your injuries!
You hit the vampire mosquito but do no damage.
Lightning courses through the vampire mosquito!!
The vampire mosquito is severely damaged.
The vampire mosquito bites you but does no damage.
The vampire mosquito closely misses you.
You hit the vampire mosquito but do no damage.
Lightning courses through the vampire mosquito!!
You destroy the vampire mosquito!
Vehumet accepts your kill.
You hit the wraith but do no damage. The wraith barely misses you.
You barely miss the wraith. The wraith misses you. x2
You closely miss the wraith. Your bite misses the wraith. The wraith hits you.
You slash the wraith! Lightning courses through the wraith!!
The wraith is almost destroyed.
The wraith hits you.
You closely miss the wraith. Your bite misses the wraith.
The wraith is almost destroyed.
The wraith hits you.
* * * LOW HITPOINT WARNING * * *
You barely miss the wraith.
The wraith is almost destroyed.
The wraith hits you but does no damage.
You hit the wraith but do no damage.
The wraith is almost destroyed.
The wraith hits you!
* * * LOW HITPOINT WARNING * * *
The wraith drains your vigour!
You feel yourself slow down.
It was a potion of flight.
You feel very buoyant.
You fly up into the air.
The wraith hits you!
* * * LOW HITPOINT WARNING * * *
You feel better. The wraith hits you!
* * * LOW HITPOINT WARNING * * *
The wraith hits you!
You die...

#..........#..<......#
#....................#
+...........#........#
#..........>#[....[..#
#..........##........#
#..........##........#
#..........#####'#####
#######'#### #.#
#yW@.# #รท# #.#### #.#
##........y# #.#
#...........# #.##
#.#........y# #..#
#.........# ##.#
#.........# #.#
#.........# #.#
####.###### #.#


You could see a wraith and a vampire mosquito.

Vanquished Creatures
  A boulder beetle (D:9)
  2 two-headed ogres
  A hornet (D:8)
  A shadow (D:10)
  A wraith (D:9)
  5 yaks (D:9)
  Eustachio (D:5)
  3 vampire mosquitoes (D:10)
  A steam dragon (D:7)
  A water moccasin (D:8)
  Duvessa (D:7)
  An orc warrior (D:7)
  A sky beast (D:8)
  3 black bears (D:6)
  An ogre (D:5)
  4 centaurs
  A phantom (D:5)
  Blork the orc (D:5)
  A kobold brigand (D:9)
  A gnoll sergeant (D:5)
  4 bullfrogs
  A necrophage (D:6)
  6 scorpions
  Dowan (D:7)
  3 howler monkeys
  2 hounds (D:6)
  2 jellies (D:8)
  4 orc priests
  5 iguanas
  7 orc wizards
  10 gnolls
  5 adders
  4 white imps
  2 worms (D:2)
  A dart slug (D:2)
  15 orcs
  5 ball pythons
  8 endoplasms
  4 giant cockroaches
  13 goblins
  6 hobgoblins
  11 jackals
  14 kobolds
  4 quokkas
  3 training dummies (D:9)
  8 bats
  4 frilled lizards
  5 rats
189 creatures vanquished.

Vanquished Creatures (others)
  A fungus (D:1)
  A plant (D:1)
2 creatures vanquished.

Grand Total: 191 creatures vanquished

Notes
Turn   | Place    | Note
-------+----------+-------------------------------------------
     0 | D:5      | Reached skill level 9 in Stealth
     0 | D:5      | zazu2006 the Gnoll Delver began the quest for the Orb.
     0 | D:5      | Reached XP level 1. HP: 23/23 MP: 1/1
    10 | D:5      | Found Moipider's Magic Scroll Boutique.
    16 | D:5      | Found an opulent altar of Gozag.
   112 | D:4      | Noticed an iguana
   200 | D:3      | Reached XP level 2. HP: 29/29 MP: 2/2
   201 | D:3      | Found a glowing golden altar of the Shining One.
   581 | D:1      | Reached XP level 3. HP: 35/35 MP: 3/3
   776 | D:1      | Reached skill level 1 in Invocations
   980 | D:1      | Learned a level 1 spell: Magic Dart
  1155 | D:1      | Reached skill level 1 in Short Blades
  1155 | D:1      | Reached skill level 1 in Axes
  1155 | D:1      | Reached skill level 1 in Maces & Flails
  1155 | D:1      | Reached skill level 1 in Polearms
  1155 | D:1      | Reached skill level 1 in Staves
  1155 | D:1      | Reached skill level 1 in Slings
  1155 | D:1      | Reached skill level 1 in Bows
  1155 | D:1      | Reached skill level 1 in Crossbows
  1155 | D:1      | Reached skill level 1 in Throwing
  1155 | D:1      | Reached skill level 1 in Armour
  1155 | D:1      | Reached skill level 1 in Shields
  1155 | D:1      | Reached skill level 1 in Unarmed Combat
  1155 | D:1      | Reached skill level 1 in Spellcasting
  1155 | D:1      | Reached skill level 1 in Evocations
  1242 | D:1      | Reached XP level 4. HP: 41/41 MP: 0/5
  1632 | D:1      | Found a faded altar of an unknown god.
  1701 | D:2      | Learned a level 3 spell: Mephitic Cloud
  1909 | D:2      | Reached skill level 1 in Conjurations
  1909 | D:2      | Reached skill level 1 in Hexes
  1909 | D:2      | Reached skill level 1 in Summonings
  1909 | D:2      | Reached skill level 1 in Necromancy
  1909 | D:2      | Reached skill level 1 in Translocations
  1909 | D:2      | Reached skill level 1 in Transmutations
  1909 | D:2      | Reached skill level 1 in Fire Magic
  1909 | D:2      | Reached skill level 1 in Ice Magic
  1909 | D:2      | Reached skill level 1 in Air Magic
  1909 | D:2      | Reached skill level 1 in Earth Magic
  1909 | D:2      | Reached skill level 1 in Poison Magic
  2169 | D:2      | Found a burning altar of Makhleb.
  2537 | D:3      | Reached XP level 5. HP: 40/47 MP: 1/7
  3044 | D:3      | Found a snail-covered altar of Cheibriados.
  3044 | D:3      | Found an ornate altar of the Wu Jian Council.
  4535 | D:5      | Bought a scroll of identify for 22 gold pieces
  4547 | D:5      | Found a blossoming altar of Fedhas.
  4558 | D:5      | Noticed an oklob plant
  4655 | D:5      | Reached XP level 6. HP: 46/53 MP: 2/8
  4663 | D:5      | Reached skill level 5 in Long Blades
  4663 | D:5      | Reached skill level 5 in Dodging
  4666 | D:5      | Noticed Blork the orc
  4689 | D:5      | Killed Blork the orc
  4695 | D:5      | Reached XP level 7. HP: 9/59 MP: 6/10
  5149 | D:5      | Noticed Eustachio
  5896 | D:4      | Reached skill level 10 in Stealth
  6349 | D:5      | Reached XP level 8. HP: 39/67 MP: 12/12
  6554 | D:5      | Killed Eustachio
  7693 | D:6      | Found a staircase to the Ecumenical Temple.
  7961 | D:6      | Reached XP level 9. HP: 72/72 MP: 6/14
  8225 | D:6      | Found an iron altar of Okawaru.
  8369 | Temple   | Entered the Ecumenical Temple
  8458 | Temple   | Became a worshipper of Vehumet
  8501 | D:7      | Noticed Duvessa
  8501 | D:7      | Noticed Dowan
  8631 | D:7      | Killed Dowan
  8645 | D:7      | Found a glowing silver altar of Zin.
  8738 | D:7      | Killed Duvessa
  8804 | D:7      | Found Dyotiwus's Self-Improvement Boutique.
  9038 | D:7      | Found Zin's Purification Station.
  9719 | D:8      | Noticed a hornet
  9730 | D:8      | Killed a hornet
  9738 | D:8      | Reached skill level 5 in Invocations
  9938 | D:8      | Noticed a two-headed ogre
  9969 | D:8      | Killed a two-headed ogre
  9970 | D:8      | Reached XP level 10. HP: 24/80 MP: 5/17
 10232 | D:8      | Found Vosib's Assorted Antiques.
 10420 | D:8      | Reached skill level 5 in Short Blades
 10420 | D:8      | Reached skill level 5 in Axes
 10420 | D:8      | Reached skill level 5 in Maces & Flails
 10420 | D:8      | Reached skill level 5 in Polearms
 10420 | D:8      | Reached skill level 5 in Staves
 10420 | D:8      | Reached skill level 5 in Slings
 10420 | D:8      | Reached skill level 5 in Bows
 10420 | D:8      | Reached skill level 5 in Crossbows
 10420 | D:8      | Reached skill level 5 in Throwing
 10420 | D:8      | Reached skill level 5 in Armour
 10420 | D:8      | Reached skill level 5 in Shields
 10420 | D:8      | Reached skill level 5 in Unarmed Combat
 10420 | D:8      | Reached skill level 5 in Spellcasting
 10420 | D:8      | Reached skill level 5 in Evocations
 10766 | D:9      | Found Soebb's Firing Range.
 11021 | D:9      | Noticed a boulder beetle
 11058 | D:9      | Killed a boulder beetle
 11152 | D:9      | Identified the +6 hunting sling "Japrotte" {vorpal, rF++
                  | rC- rN+}
 11244 | D:9      | Reached * piety under Vehumet
 11244 | D:9      | Offered knowledge of Shock by Vehumet.
 11580 | D:9      | Reached skill level 11 in Stealth
 11964 | D:9      | Found a sparkling altar of Nemelex Xobeh.
 12150 | D:10     | Entered Level 10 of the Dungeon
 12215 | D:10     | Found a bloodstained altar of Trog.
 12399 | D:10     | Noticed a two-headed ogre
 12415 | D:10     | Killed a two-headed ogre
 12471 | D:10     | Found a staircase to the Orcish Mines.
 12774 | D:10     | Reached XP level 11. HP: 49/87 MP: 19/19
 12785 | D:10     | Slain by a wraith

Illustrated notes

Levels and vault maps discovered:
D:1:      amcnicky_arrival_double_pillar, layout_loops_ring,
          shapermc_ecumenical_altar_mp_urbaneastern,
          hangedman_decor_peaks_small, kennysheep_another_room
D:2:      layout_loops_ring, basic_altar, minmay_pentomino_u4
D:3:      layout_basic, mainiacjoe_overflow_tiny_flanked,
          gammafunk_temple_overflow_elements, minmay_diced_spiral
D:4:      layout_loops_corners
D:5:      layout_gridville, grunt_gozag_statues, tgw_fedhas, serial_shops, shop,
          uniq_blork_the_orc, uniq_eustachio
D:6:      layout_loops_corners, okawaru_altar_gauntlet_db,
          minmay_temple_entry_antechambers
D:7:      layout_loops_ring, zin_purify, nicolae_shop_self_help, uniq_duvessa
D:8:      layout_loops_cross, serial_shops, shop_fountains
D:9:      layout_basic, nemelex_spade_bored_becter, nicolae_shop_firing_range
D:10:     layout_roguey [special_room_bee], bloody_makhleb, bloody_trog,
          orc_0_dummy, uniq_grum
Temple:   nicolae_temple_hex_pool

Skill      XL: |  1  2  3  4  5  6  7  8  9 10 |
---------------+-------------------------------+-----
Stealth        | 10 11 | 11.2
Invocations    | 1 2 3 4 5 6 |  6.4
Short Blades   | 1 2 3 4 5 |  5.8
Axes           | 1 2 3 4 5 |  5.8
Maces & Flails | 1 2 3 4 5 |  5.8
Polearms       | 1 2 3 4 5 |  5.8
Staves         | 1 2 3 4 5 |  5.8
Slings         | 1 2 3 4 5 |  5.8
Bows           | 1 2 3 4 5 |  5.8
Crossbows      | 1 2 3 4 5 |  5.8
Throwing       | 1 2 3 4 5 |  5.8
Armour         | 1 2 3 4 5 |  5.8
Shields        | 1 2 3 4 5 |  5.8
Unarmed Combat | 1 2 3 4 5 |  5.8
Spellcasting   | 1 2 3 4 5 |  5.8
Evocations     | 1 2 3 4 5 |  5.8
Conjurations   | 1 2 3 4 |  4.8
Hexes          | 1 2 3 4 |  4.8
Summonings     | 1 2 3 4 |  4.8
Necromancy     | 1 2 3 4 |  4.8
Translocations | 1 2 3 4 |  4.8
Transmutations | 1 2 3 4 |  4.8
Fire Magic     | 1 2 3 4 |  4.8
Ice Magic      | 1 2 3 4 |  4.8
Air Magic      | 1 2 3 4 |  4.8
Earth Magic    | 1 2 3 4 |  4.8
Poison Magic   | 1 2 3 4 |  4.8
Long Blades    | 5 6 7 |  7.5
Dodging        | 5 6 7 |  7.5
Fighting       | 7 8 |  8.9

Action                   |  1- 3 |  4- 6 |  7- 9 | 10-12 || total
-------------------------+-------+-------+-------+-------++-------
Melee: Falchion          |   107 |   126 |   256 |       ||   489
       Bite              |    11 |    17 |    53 |    18 ||    99
       Punch             |     1 |     5 |    12 |     5 ||    23
       Long sword        |       |       |    76 |   142 ||   218
Throw: Dart              |       |     9 |    62 |    11 ||    82
       Throwing net      |       |     1 |     7 |       ||     8
 Cast: Magic Dart        |     4 |    70 |    42 |    17 ||   133
       Mephitic Cloud    |       |       |    23 |     7 ||    30
Evoke: Wand              |       |     8 |     1 |       ||     9
  Use: Scroll            |       |     1 |     3 |       ||     4
       Potion            |       |     5 |     1 |     2 ||     8
 Stab: Sleeping          |    16 |     4 |     3 |     2 ||    25
       Confused          |       |       |    21 |     4 ||    25
       Distracted        |       |       |     1 |       ||     1
Armor: Leather armour    |    27 |    28 |    45 |       ||   100
       Robe              |       |       |    42 |       ||    42
       Steam dragon scal |       |       |    23 |    39 ||    62
Dodge: Dodged            |    83 |   117 |   286 |    92 ||   578

Table legend: (Time is in decaauts)
 A = Elapsed time spent in this place.
 B = Non-inter-level travel time spent in this place.
 C = Inter-level travel time spent in this place.
 D = Time resting spent in this place.
 E = Time spent auto-exploring this place.
 F = Levels seen in this place.
 G = Mean time per level.
                   A        B        C        D        E       F      G
               +--------+--------+--------+--------+--------+-----+--------+
         Total |  12818 |  12386 |    432 |    926 |   8193 |  11 | 1165.3 |
       Dungeon |  12725 |  12297 |    428 |    926 |   8108 |  10 | 1272.5 |
        Temple |     92 |     89 |      3 |      0 |     85 |   1 |   92.0 |
               +--------+--------+--------+--------+--------+-----+--------+

Top non-repeatable levels by time:
     D:5: 2238 daAuts
     D:4: 1895 daAuts
     D:9: 1392 daAuts
     D:6: 1299 daAuts
     D:1: 1133 daAuts
     D:8: 1117 daAuts
     D:7: 1083 daAuts
     D:3: 1006 daAuts
     D:2: 923 daAuts
    D:10: 635 daAuts
  Temple: 92 daAuts
